 Dungeon Crawl Stone Soup version 0.25.1-2-g60ff931df9 (webtiles) character file.

Game seed: 7032769801152589964

1752 hawla the Cudgeler (level 9, -8/112 HPs)
             Began as a Hill Orc Monk on Sept 28, 2020.
             Mangled by a wight
             ... wielding a +0 dagger of electrocution
              (15 damage)
             ... on level 7 of the Dungeon.
             The game lasted 00:13:52 (5822 turns).

hawla the Cudgeler (Hill Orc Monk)                  Turns: 5822, Time: 00:13:52

Health: -8/112     AC: 24    Str: 15    XL:     9   Next: 6%
Magic:  9/9        EV:  2    Int: 10    God:
Gold:   63         SH:  0    Dex: 15    Spells: 8/8 levels left

rFire    . . .     SeeInvis .   a - +1 hand axe
rCold    . . .     Gourm    .   (no shield)
rNeg     + + +     Faith    .   (armour currently unavailable)
rPois    +         Spirit   .   (helmet currently unavailable)
rElec    .         Reflect  .   (cloak currently unavailable)
rCorr    .         Harm     .   (gloves currently unavailable)
MR       +....     NoTele   +   (boots currently unavailable)
Stlth    ++........             g - amulet of regeneration
HPRegen  0.68/turn              h - ring of protection from magic
MPRegen  0.11/turn              x - ring of flight

@: tree-form, drained
A: no striking features
a: no special abilities


You were on level 7 of the Dungeon.
You were not hungry.
You were a tree.
You visited 1 branch of the dungeon, and saw 7 of its levels.

You collected 206 gold pieces.
You spent 143 gold pieces at shops.

Inventory:

Hand Weapons
 a - a +1 hand axe (weapon)
 d - a +2 flail of protection
Armour
 b - a +0 chain mail (melded)
 f - a +0 pair of gloves (melded)
 k - a +1 helmet
Jewellery
 g - an amulet of regeneration (around neck)
 h - a ring of protection from magic (left branch)
 x - a ring of flight (right branch)
Wands
 p - a wand of paralysis (6)
 r - a wand of flame (15)
Scrolls
 e - a scroll of enchant weapon
 n - 6 scrolls of identify
 q - 4 scrolls of teleportation
 t - 3 scrolls of remove curse
 v - 2 scrolls of fog
 w - a scroll of summoning
Potions
 j - a potion of invisibility
 l - 3 potions of lignification
 m - 3 potions of berserk rage
 o - a potion of stabbing {unknown}
 s - a potion of ambrosia
 u - a potion of haste
Comestibles
 c - 14 rations
 i - 2 chunks of flesh


   Skills:
 + Level 6.3(5.1) Fighting
 + Level 6.3(7.1) Axes
 + Level 7.1(6.7) Maces & Flails
 + Level 4.4(3.3) Armour
 * Level 5.3(4.2) Dodging
 - Level 1.5(0.5) Stealth


You had 8 spell levels left.
You didn't know any spells.
Your spell library was empty.

Dungeon Overview and Level Annotations

Branches:
Dungeon (7/15)             Temple (0/1) D:6

Altars:
Cheibriados
Dithmenos
Gozag
Hepliaklqana
Makhleb
Trog
Uskayaw
Wu Jian
Xom
The Shining One

Shops:
D:6 =[!

Annotations:
D:5 2 runed translucent doors, tempo's ghost, novice DEWz


Message History

You hit the wight but do no damage. The wight hits you but does no damage.
The wight hits you with a cursed +3 war axe of freezing.
* * * LOW HITPOINT WARNING * * *
The wight freezes you.
* * * LOW HITPOINT WARNING * * *
You feel better. The wight hits you but does no damage.
You are electrocuted!
* * * LOW HITPOINT WARNING * * *
The wight hits you but does no damage.
You hit the wight but do no damage.
The wight is almost destroyed.
You completely miss the wight. The wight hits you but does no damage.
You hit the wight but do no damage.
The wight is almost destroyed.
You barely miss the wight. The wight barely misses you.
The wight hits you but does no damage.
You hit the wight but do no damage.
The wight is almost destroyed.
You hit the wight but do no damage. The wight hits you but does no damage.
You are electrocuted!
You die...

...
.........########..####
...
#.........#......'..#...
#........$#......#..#...
..........#......#..#...
..........#'######..#...
............†....#..##..
.................#..##..
......z..........#..##..
......z♣.........#......
......)..........#......
.................#######
..................
.....##+##........ .....
....... .... ...... ....
....


You could see 2 wights.

Vanquished Creatures
  Menkaure (D:6)
  A sky beast (D:6)
  An orc warrior (D:6)
  A black bear (D:7)
  An ice beast (D:6)
  A phantom (D:6)
  A necrophage (D:7)
  A centaur (D:5)
  A water moccasin zombie (D:7)
  2 wights (D:7)
  4 crimson imps (D:3)
  3 hounds
  2 jellies
  An orc wizard (D:6)
  A bullfrog skeleton (D:5)
  An iguana (D:5)
  6 worker ants
  A hound skeleton (D:4)
  A hound zombie (D:6)
  Robin (D:4)
  4 gnolls (D:6)
  A howler monkey skeleton (D:5)
  11 adders
  A shadow imp (D:6)
  2 oozes (D:3)
  An adder zombie (D:5)
  An adder skeleton (D:5)
  3 worms
  A dart slug (D:4)
  3 leopard geckos (D:3)
  7 orcs
  8 giant cockroaches
  14 goblins
  12 hobgoblins
  18 jackals
  6 kobolds
  3 quokkas
  2 ball pythons
  10 bats
  4 frilled lizards (D:2)
  2 jackal skeletons
  A quokka zombie (D:7)
  9 rats
156 creatures vanquished.

Notes
Turn   | Place    | Note
-------+----------+-------------------------------------------
     0 | D:1      | hawla the Hill Orc Monk began the quest for the Orb.
     0 | D:1      | Reached XP level 1. HP: 19/19 MP: 1/1
   262 | D:1      | Reached XP level 2. HP: 27/27 MP: 2/2
   763 | D:1      | Reached XP level 3. HP: 22/33 MP: 3/3
  1457 | D:2      | Reached XP level 4. HP: 39/40 MP: 4/4
  1746 | D:2      | Reached skill level 5 in Axes
  1965 | D:3      | Reached skill level 1 in Armour
  1991 | D:3      | Noticed Robin
  2008 | D:4      | Found a bloodstained altar of Trog.
  2096 | D:3      | Reached XP level 5. HP: 35/47 MP: 5/5
  2113 | D:4      | Killed Robin
  2255 | D:3      | Found a shimmering altar of Xom.
  2303 | D:3      | Reached XP level 6. HP: 30/53 MP: 6/6
  2621 | D:3      | Found a burning altar of Makhleb.
  3081 | D:4      | Found a hazy altar of Hepliaklqana.
  3218 | D:4      | Found a shadowy altar of Dithmenos.
  3275 | D:4      | Reached skill level 1 in Maces & Flails
  3527 | D:4      | Found a snail-covered altar of Cheibriados.
  3568 | D:4      | Found an ornate altar of the Wu Jian Council.
  3837 | D:5      | Entered Level 5 of the Dungeon
  3868 | D:5      | Reached XP level 7. HP: 46/60 MP: 7/7
  3973 | D:5      | Reached skill level 5 in Fighting
  3973 | D:5      | Reached skill level 2 in Maces & Flails
  4076 | D:5      | Reached skill level 3 in Maces & Flails
  4200 | D:5      | Found a runed translucent door.
  4200 | D:5      | Noticed tempo's ghost (novice DEWz)
  4202 | D:5      | Noticed a +0 dagger
  4202 | D:5      | Noticed a +0 dagger
  4204 | D:5      | Found a hide-covered altar of Uskayaw.
  4247 | D:5      | Found a runed translucent door.
  4309 | D:5      | Found an opulent altar of Gozag.
  4360 | D:5      | Found a glowing golden altar of the Shining One.
  4573 | D:6      | Noticed Menkaure
  4584 | D:6      | Killed Menkaure
  4584 | D:6      | Reached skill level 4 in Maces & Flails
  4584 | D:6      | Reached XP level 8. HP: 5/69 MP: 8/8
  4751 | D:6      | Reached skill level 5 in Maces & Flails
  4766 | D:6      | Found Nihe's Jewellery Shop.
  4839 | D:6      | Found Ullul's Distillery.
  4852 | D:6      | Bought a potion of invisibility for 88 gold pieces
  4852 | D:6      | Bought a potion of berserk rage for 55 gold pieces
  4898 | D:6      | Found a staircase to the Ecumenical Temple.
  5052 | D:6      | Reached skill level 5 in Dodging
  5069 | D:6      | Reached skill level 6 in Maces & Flails
  5178 | D:6      | Found Yxtaun's Armour Boutique.
  5700 | D:7      | Reached XP level 9. HP: 58/75 MP: 9/9
  5803 | D:7      | Reached skill level 7 in Maces & Flails
  5819 | D:7      | HP: 5/112 [wight/+0 dagger of electrocution (10)]
  5822 | D:7      | Mangled by a wight

Illustrated notes

Levels and vault maps discovered:
D:1:      dpeg_arrival_short_road, layout_loops_cross
D:2:      layout_loops_ring, first_ration
D:3:      layout_rooms, led_xom_imps, ebering_dispersal_statue_hall,
          makhleb_heckhound_becter, uniq_robin
D:4:      layout_basic, lemuel_round_altar, bloody_trog, kennysheep_slug_shrine,
          grunt_dithmenos_smoke_and_mirrors, nicolae_overflow_hidden_temple
D:5:      layout_cave_pools, dancing_weapons_uskayaw, lemuel_doored_altar,
          tso_oasis_becter, ebering_ghost_sewer_f
D:6:      layout_loops_corners, minmay_temple_entry_ruins, serial_shops,
          nicolae_shop_behind_doors, shop, nicolae_shop_trees, uniq_menkaure
D:7:      layout_gridville

Skill      XL: |  1  2  3  4  5  6  7  8  9 |
---------------+----------------------------+-----
Fighting       | 4 5 6 |  6.3
Dodging        | 3 4 5 |  5.3
Axes           | 5 6 |  6.3
Armour         | 1 2 3 4 |  4.4
Maces & Flails | 1 4 6 7 |  7.1
Stealth        | |  1.5

Action                   |  1- 3 |  4- 6 |  7- 9 || total
-------------------------+-------+-------+-------++-------
Melee: Hand axe          |   126 |   257 |    10 ||   393
       Flail             |       |    52 |   240 ||   292
  Use: Scroll            |     1 |     4 |     2 ||     7
       Potion            |       |     5 |     5 ||    10
 Stab: Sleeping          |     7 |     1 |       ||     8
  Eat: Chunk             |     2 |     7 |     8 ||    17
Armor: Robe              |    10 |       |       ||    10
       Leather armour    |     7 |    15 |       ||    22
       Ring mail         |       |    91 |       ||    91
       Scale mail        |       |    17 |       ||    17
       Chain mail        |       |     7 |   178 ||   185
       Skin              |       |       |     9 ||     9
Dodge: Dodged            |    89 |   258 |   111 ||   458
